 Dungeon Crawl Stone Soup version 0.25-a0-781-gc44aebf4fe (webtiles) character file.

Game seed: 16443664377471891752, levelgen mode: classic

25 Amnesiac the Ducker (level 2, -4/14 HPs)
             Began as a Felid Monk on Apr 16, 2020.
             Slain by a hound (5 damage)
             ... on level 4 of the Dungeon.
             The game lasted 00:02:45 (678 turns).

Amnesiac the Ducker (Felid Monk)                     Turns: 678, Time: 00:02:45

Health: -4/14      AC:  1    Str:  7    XL:     2   Next: 86%
Magic:  3/3        EV: 20    Int: 11    God:
Gold:   59         SH:  0    Dex: 18    Spells: 1/1 levels left
                                        Lives:  0   Deaths: 0

rFire    . . .     SeeInvis +     - Unarmed
rCold    . . .     Gourm    .   (shield unavailable)
rNeg     . . .     Faith    .   (armour unavailable)
rPois    .         Spirit   .   (helmet unavailable)
rElec    .         Reflect  .   (cloak unavailable)
rCorr    .         Harm     .   (gloves unavailable)
MR       .....                  (boots unavailable)
Stlth    +++.......             (no amulet)
HPRegen  0.04/turn              (no ring)
MPRegen  0.08/turn              (no ring)

@: stab, quick
A: very small, no armour, no weapons or thrown items, stealth, claws 1, fangs 3,
see invisible, carnivore, speed 1, shaggy fur 1, slow metabolism 1, sharp paws
a: no special abilities


You were on level 4 of the Dungeon.
You were completely stuffed.

You visited 1 branch of the dungeon, and saw 5 of its levels.

You collected 59 gold pieces.

Inventory:

Scrolls
 d - a scroll of remove curse {!r}
Comestibles
 a - 5 rations
 f - 2 chunks of flesh


   Skills:
 - Level 3.0 Fighting
 + Level 4.3 Dodging
 + Level 3.5 Stealth
 * Level 3.5 Unarmed Combat


You had one spell level left.
You didn't know any spells.
Your spell library was empty.

Dungeon Overview and Level Annotations

Branches:
Dungeon (5/15)
 Temple: D:4-7

Altars:

Shops:
D:4 %

Annotations:
D:5 Sigmund


Innate Abilities, Weirdness & Mutations

You cannot wear armour.
You are incapable of wielding weapons or throwing items.
Your paws allow you to move quietly. (Stealth)
You have sharp claws.
You have razor-sharp teeth.
You have supernaturally acute eyesight. (SInv)
You are carnivorous and can eat meat at any time.
You cover ground quickly.
You are covered in fur. (AC +1)
You have a slow metabolism.
Your sharp claws are effective at attacking unaware monsters.


Message History

You bite the giant cockroach, but do no damage.
The giant cockroach bites you.
You scratch the giant cockroach.
The giant cockroach is heavily wounded.
The giant cockroach misses you.
You scratch the giant cockroach.
You kill the giant cockroach!
g - a scroll labeled LOHINNIOGH {!r}
There is a stone staircase leading down here.
You climb downwards.
There is a stone staircase leading up here.
Found an escape hatch in the ceiling.
The hound barks!
You hear a shout!
Found a scroll labeled MAGIL CEPNU.
A gnoll comes into view.
Found Warghour's Food Shop.
The gnoll shouts!
A gnoll comes into view. It is wielding a +0 spear.
The hound bites you.
Found a club.
You see here a scroll labeled MAGIL CEPNU {!r}.
Really quaff
b - a fizzy green potion {!q}?
It was a potion of stabbing {!q}.
You feel ready to backstab. The hound completely misses you.
b - a scroll labeled MAGIL CEPNU {!r} The hound barely misses you.
The hound completely misses you.
Really read
g - a scroll labeled LOHINNIOGH {!r}?
As you read the scroll labeled LOHINNIOGH {!r}, it crumbles to dust.
You hear a loud clanging noise!
It was a scroll of noise {!r}.
You hear a shout!
The hound bites you.
* * * LOW HITPOINT WARNING * * *
The hound closely misses you.
There is an entrance to Warghour's Food Shop here.
Really read
e - a scroll labeled XUM ERIWURUJIU {!r}?
As you read the scroll labeled XUM ERIWURUJIU {!r}, it crumbles to dust.
It is a scroll of identify.
d - a scroll of remove curse {!r} The hound misses you.
A gnoll comes into view.
The gnoll throws a throwing net.
The throwing net completely misses you. The hound closely misses you.
The hound misses you.
Really read
c - a scroll labeled MUSHAD DIBRUL {!r}?
As you read the scroll labeled MUSHAD DIBRUL {!r}, it crumbles to dust.
It is a scroll of amnesia.
You feel forgetful for a moment. The hound closely misses you.
Really read
b - a scroll labeled MAGIL CEPNU {!r}?
As you read the scroll labeled MAGIL CEPNU {!r}, it crumbles to dust.
It is a scroll of enchant armour.
You aren't carrying any armour which can be enchanted further.
The hound misses you. The hound closely misses you.
The hound closely misses you. The hound bites you.
* * * LOW HITPOINT WARNING * * *
You barely miss the hound. The hound bites you.
* * * LOW HITPOINT WARNING * * *
The hound completely misses you.
You closely miss the hound. The hound barely misses you.
You scratch the hound.
The hound is lightly wounded.
The hound bites you.
You die...

#.#......#
#........#
####.∩.##...#
..##..#...##...#
........#..g...#
.........g.....#
#.######.g##...#
#####gh##...#
.......<@....#
.............#
.###....##..##
##....##...#
#..........####
#.........##..##
#.##..##...>...#
#+ #..##....<..#
#...#..##'###


You could see a hound and 3 gnolls.

Vanquished Creatures
  A bat (D:2)
  3 giant cockroaches
  A goblin (D:2)
  10 jackals
  A quokka (D:3)
  A frilled lizard (D:3)
  2 kobolds
  2 rats
21 creatures vanquished.

Notes
Turn   | Place    | Note
-------+----------+-------------------------------------------
     0 | D:1      | Amnesiac the Felid Monk began the quest for the Orb.
     0 | D:1      | Reached XP level 1. HP: 10/10 MP: 2/2
    98 | D:1      | Reached XP level 2. HP: 10/14 MP: 3/3
   560 | D:5      | Entered Level 5 of the Dungeon
   560 | D:5      | Noticed Sigmund
   652 | D:4      | Found Warghour's Food Shop.
   678 | D:4      | Slain by a hound

Levels and vault maps discovered:
D:1:      erik_arrival_blinker_ship, layout_basic, serial_forest,
          infiniplex_forest_end_3, infiniplex_forest_lined_room_,
          infiniplex_forest_clump_curved, infiniplex_forest_clump_tiny,
          infiniplex_forest_straight_3, infiniplex_forest_clump_diagonal,
          infiniplex_forest_straight_2, infiniplex_forest_corner_1,
          infiniplex_forest_lined_ring, infiniplex_forest_clump_large
D:2:      layout_loops_ring, nicolae_ru_awakened_eye,
          chequers_ecumenical_altar_simple, grunt_ministairs_6
D:3:      layout_loops_ring, chequers_garden, uniq_ijyb
D:4:      layout_gridville, minmay_temple_entry_statues_fountains, first_ration,
          serial_shops, nicolae_shop_stone
D:5:      layout_layer_cave, uniq_sigmund, uniq_prince_ribbit1

Skill      XL: |  1 |
---------------+----+-----
Stealth        | 3 |  3.5
Fighting       | |  3.0
Dodging        | |  4.3
Unarmed Combat | |  3.5

Action                   || total
-------------------------++-------
Melee: Unarmed           ||    73
       Bite              ||     8
  Use: Scroll            ||     4
       Potion            ||     1
  Eat: Chunk             ||     7
Armor: Skin              ||     2
Dodge: Dodged            ||    71

Table legend:
 A = Non-vault XP
 B = Vault XP
 C = Vault XP percentage of total XP
 D = Non-vault monster count
 E = Vault monster count
 F = Vault count percentage of total count
                 A         B        C        D         E       F
            +---------+---------+-------+---------+---------+-------
      Total |      33 |       4 |  10.8 |      19 |       2 |   9.5
            +---------+---------+-------+---------+---------+-------
        D:1 |      12 |       0 |   0.0 |       7 |       0 |   0.0
        D:2 |       4 |       4 |  50.0 |       3 |       2 |  40.0
        D:3 |      13 |       0 |   0.0 |       7 |       0 |   0.0
        D:4 |       4 |       0 |   0.0 |       2 |       0 |   0.0
            +---------+---------+-------+---------+---------+-------
